3L
KINGSTON TOWNSHIP LEGION @ SEATTLE AVIATORS
07/28/2021
 
TOP OF THE 1ST
Kingston Township Legion batting - Pitching for Seattle Aviators : RHP Dustin Richmond
Pitching: RHP Dustin Richmond
Batting: RHB Vicente Toro 0-0: Swinging Strike
0-1: Foul Ball, location: 2F
0-2: Ball
1-2: Ground out 1-3 (Groundball, 15)
Batting: RHB Layton Templeman 0-0: Ball
1-0: Ball
2-0: Foul Ball, location: 2F
2-1: Ball
3-1: Base on Balls
Batting: LHB Clay Rush 0-0: Foul Ball, location: 2F
0-1: Foul Ball, location: 2F
0-2: Strikes out swinging
Batting: RHB Pedro Mendoza 0-0: Called Strike
Layton Templeman steals 2nd base
0-1: Ground out 6-3 (Groundball, 6)
Top of the 1st over - 0 run(s), 0 hit(s), 0 error(s), 1 left on base; Kingston Township 0 - Seattle 0
BOTTOM OF THE 1ST
Seattle Aviators batting - Pitching for Kingston Township Legion : RHP Greg White
Pitching: RHP Greg White
Batting: SHB Ernest Miller 0-0: Ball
1-0: Foul Ball, location: 2F
1-1: Ball
2-1: Called Strike
2-2: Foul Ball, location: 2F
2-2: Strikes out swinging
Batting: RHB Tynan Hawkins 0-0: Ground out 4-3 (Groundball, 4)
Batting: RHB Tanyu Kimura 0-0: Ball
1-0: Ball
2-0: Called Strike
2-1: Foul Ball, location: 2F
2-2: Strikes out swinging
Bottom of the 1st over - 0 run(s), 0 hit(s), 0 error(s), 0 left on base; Kingston Township 0 - Seattle 0
TOP OF THE 2ND
Kingston Township Legion batting - Pitching for Seattle Aviators : RHP Dustin Richmond
Batting: RHB Akihiko Oike 0-0: Called Strike
0-1: Foul Ball, location: 2F
0-2: SINGLE (Groundball, 56)
Batting: RHB António Varela 0-0: Ball
1-0: Ball
2-0: Foul Ball, location: 2F
2-1: Swinging Strike
2-2: Foul Ball, location: 2F
2-2: Ground out 5-3 (Groundball, 5S)
Akihiko Oike to second
Batting: RHB Raúl Valadez 0-0: Called Strike
0-1: Ball
1-1: Swinging Strike
1-2: Foul Ball, location: 2F
1-2: Strikes out swinging
Batting: LHB Wilfrid Savary 0-0: Ball
1-0: Called Strike
1-1: Ball
2-1: Called Strike
2-2: Ball
3-2: Base on Balls
Batting: RHB Carlos Mercado 0-0: Ball
1-0: Called Strike
1-1: Ball
2-1: Foul Ball, location: 2F
2-2: Foul Ball, location: 2F
2-2: Foul Ball, location: 2F
2-2: Ball
3-2: Base on Balls
Akihiko Oike to third
Wilfrid Savary to second
Batting: RHB Vicente Toro 0-0: Called Strike
0-1: Called Strike
0-2: Foul Ball, location: 2F
0-2: Fielders Choice at 2nd, 6-4 (Groundball, 6D)
Top of the 2nd over - 0 run(s), 1 hit(s), 0 error(s), 2 left on base; Kingston Township 0 - Seattle 0
BOTTOM OF THE 2ND
Seattle Aviators batting - Pitching for Kingston Township Legion : RHP Greg White
Batting: LHB Jorge Mojica 0-0: Fly out, F9 (Line Drive, 9M)
Batting: LHB Frank Wentworth 0-0: Called Strike
0-1: Ball
1-1: Ball
2-1: Ground out U3 (Groundball, 3)
Batting: LHB Steve Grimes 0-0: Called Strike
0-1: Foul Ball, location: 2F
0-2: Ball
1-2: Strikes out swinging
Bottom of the 2nd over - 0 run(s), 0 hit(s), 0 error(s), 0 left on base; Kingston Township 0 - Seattle 0
TOP OF THE 3RD
Kingston Township Legion batting - Pitching for Seattle Aviators : RHP Dustin Richmond
Batting: RHB Layton Templeman 0-0: Called Strike
0-1: Ball
1-1: Ball
2-1: Foul Ball, location: 2F
2-2: Ground out 6-3 (Groundball, 6M)
Batting: LHB Clay Rush 0-0: Foul Ball, location: 2F
0-1: Ball
1-1: Foul Ball, location: 2F
1-2: Foul Ball, location: 2F
1-2: Foul Ball, location: 2F
1-2: Ball
2-2: Foul Ball, location: 2F
2-2: Strikes out looking
Batting: RHB Pedro Mendoza 0-0: Foul Ball, location: 2F
0-1: Fly out, F7 (Flyball, 7M)
Top of the 3rd over - 0 run(s), 0 hit(s), 0 error(s), 0 left on base; Kingston Township 0 - Seattle 0
BOTTOM OF THE 3RD
Seattle Aviators batting - Pitching for Kingston Township Legion : RHP Greg White
Batting: LHB Kenny Webster 0-0: Ball
1-0: Ball
2-0: Ball
3-0: Called Strike
3-1: Foul Ball, location: 2F
3-2: SINGLE (Line Drive, 4D)
Batting: RHB Kenzaburo Hori 0-0: SINGLE (Groundball, 6M)
Kenny Webster to second
Runner from 2nd tries for 3rd, SAFE, throw made to third
Kenzaburo Hori to second
Batting: RHB Bob McNeil 0-0: Ball
1-0: Ball
2-0: Called Strike
2-1: Ball
3-1: Foul Ball, location: 2F
3-2: DOUBLE (Flyball, 8RXD)
Kenny Webster scores
Kenzaburo Hori scores
Batting: SHB Ernest Miller 0-0: Ball
1-0: Foul Ball, location: 2F
1-1: Foul Ball, location: 2F
1-2: Foul Ball, location: 2F
1-2: Ball
2-2: Foul Ball, location: 2F
2-2: Ground out 4-3 (Groundball, 34)
Bob McNeil to third
Batting: RHB Tynan Hawkins 0-0: Called Strike
0-1: Called Strike
0-2: Ball
1-2: Foul Ball, location: 2F
1-2: Ball
2-2: Strikes out swinging
Batting: RHB Tanyu Kimura 0-0: Ball
1-0: Ball
2-0: SINGLE (Line Drive, 89S)
Bob McNeil scores
Batting: LHB Jorge Mojica 0-0: Ball
1-0: Ball
Tanyu Kimura steals 2nd base
2-0: SINGLE (Popup, 5D)
Tanyu Kimura to third
Runner from 3rd tries for Home, SAFE, no throw or cutoff
Batting: LHB Frank Wentworth 0-0: DOUBLE (Line Drive, 5L)
Jorge Mojica to third
Batting: LHB Steve Grimes 0-0: Ball
1-0: Called Strike
1-1: Ball
2-1: Ball
3-1: Foul Ball, location: 2F
3-2: Foul Ball, location: 2F
3-2: Base on Balls
Batting: LHB Kenny Webster 0-0: SINGLE (Line Drive, 6MD)
Jorge Mojica scores
Frank Wentworth to third
Steve Grimes to second
Batting: RHB Kenzaburo Hori 0-0: Called Strike
0-1: Foul Ball, location: 2F
0-2: Ball
1-2: Ground out 5-3 (Groundball, 15S)
Bottom of the 3rd over - 5 run(s), 7 hit(s), 0 error(s), 3 left on base; Kingston Township 0 - Seattle 5
TOP OF THE 4TH
Kingston Township Legion batting - Pitching for Seattle Aviators : RHP Dustin Richmond
Batting: RHB Akihiko Oike 0-0: Ball
1-0: Ball
2-0: Called Strike
2-1: Ball
3-1: Foul Ball, location: 2F
3-2: Base on Balls
Batting: RHB António Varela 0-0: Ball
1-0: Foul Ball, location: 2F
1-1: Foul Ball, location: 2F
1-2: Fly out, F8 (Flyball, 8LXD)
Batting: RHB Raúl Valadez 0-0: Foul Ball, location: 2F
0-1: Called Strike
0-2: Foul Ball, location: 2F
0-2: Foul Ball, location: 2F
0-2: Ground out 4-3 (Groundball, 4M)
Akihiko Oike to second
Batting: LHB Wilfrid Savary 0-0: Called Strike
0-1: Ball
1-1: Ball
2-1: Foul Ball, location: 2F
2-2: TRIPLE (Line Drive, 89XD)
Akihiko Oike scores
Pitching: RHP Rex Hood
Batting: RHB Carlos Mercado 0-0: Ball
1-0: Called Strike
1-1: Ball
2-1: Swinging Strike
2-2: DOUBLE (Flyball, 7M)
Wilfrid Savary scores
Batting: RHB Vicente Toro 0-0: Ball
1-0: Fly out, F7 (Line Drive, 78D)
Top of the 4th over - 2 run(s), 2 hit(s), 0 error(s), 1 left on base; Kingston Township 2 - Seattle 5
BOTTOM OF THE 4TH
Seattle Aviators batting - Pitching for Kingston Township Legion : RHP Greg White
Batting: RHB Bob McNeil 0-0: Called Strike
0-1: Ball
1-1: Swinging Strike
1-2: Ball
2-2: Strikes out swinging
Batting: SHB Ernest Miller 0-0: Called Strike
0-1: Foul Ball, location: 2F
0-2: Ground out U3 (Groundball, 3S)
Batting: RHB Tynan Hawkins 0-0: Called Strike
0-1: Foul Ball, location: 2F
0-2: Fly out, F3 (Popup, 23F)
Bottom of the 4th over - 0 run(s), 0 hit(s), 0 error(s), 0 left on base; Kingston Township 2 - Seattle 5
TOP OF THE 5TH
Kingston Township Legion batting - Pitching for Seattle Aviators : RHP Rex Hood
Batting: RHB Layton Templeman 0-0: Called Strike
0-1: Ball
1-1: Ball
2-1: Fly out, F7 (Flyball, 7S)
Batting: LHB Clay Rush 0-0: Called Strike
0-1: Swinging Strike
0-2: Fly out, F5 (Popup, 25F)
Batting: RHB Pedro Mendoza 0-0: Ball
1-0: Swinging Strike
1-1: Ball
2-1: Swinging Strike
2-2: Strikes out swinging
Top of the 5th over - 0 run(s), 0 hit(s), 0 error(s), 0 left on base; Kingston Township 2 - Seattle 5
BOTTOM OF THE 5TH
Seattle Aviators batting - Pitching for Kingston Township Legion : RHP Greg White
Batting: RHB Tanyu Kimura 0-0: Ground out 5-3 (Groundball, 56)
Batting: LHB Jorge Mojica 0-0: Ball
1-0: Foul Ball, location: 2F
1-1: Ball
2-1: Fly out, F8 (Flyball, 8LXD)
Batting: LHB Frank Wentworth 0-0: Ball
1-0: SINGLE (Groundball, 34D)
Batting: LHB Steve Grimes 0-0: Ball
Wild Pitch!
Frank Wentworth to second
1-0: Ball
2-0: Ball
3-0: Called Strike
3-1: Called Strike
3-2: Foul Ball, location: 2F
3-2: Base on Balls
Batting: LHB Kenny Webster 0-0: Foul Ball, location: 2F
0-1: Called Strike
0-2: Ground out 4-3 (Groundball, 34)
Bottom of the 5th over - 0 run(s), 1 hit(s), 0 error(s), 2 left on base; Kingston Township 2 - Seattle 5
TOP OF THE 6TH
Kingston Township Legion batting - Pitching for Seattle Aviators : RHP Rex Hood
Batting: RHB Akihiko Oike 0-0: Ball
1-0: Foul Ball, location: 2F
1-1: Foul Ball, location: 2F
1-2: Ball
2-2: Ball
3-2: Base on Balls
Batting: RHB António Varela 0-0: Ball
1-0: Called Strike
1-1: Called Strike
1-2: Ball
2-2: Strikes out looking
Batting: RHB Raúl Valadez 0-0: Ball
1-0: Fielders Choice at 2nd, 6-4 (Groundball, 6M)
Batting: LHB Wilfrid Savary 0-0: Called Strike
0-1: Fly out, F8 (Flyball, 8LD)
Top of the 6th over - 0 run(s), 0 hit(s), 0 error(s), 1 left on base; Kingston Township 2 - Seattle 5
BOTTOM OF THE 6TH
Seattle Aviators batting - Pitching for Kingston Township Legion : RHP Greg White
Batting: RHB Kenzaburo Hori 0-0: Called Strike
0-1: SINGLE (Flyball, 7LM) - OUT at second base trying to stretch hit.
Batting: RHB Bob McNeil 0-0: Swinging Strike
0-1: Ball
1-1: Ball
2-1: Ball
3-1: Called Strike
3-2: Foul Ball, location: 2F
3-2: Strikes out swinging
Batting: SHB Ernest Miller 0-0: Called Strike
0-1: Ball
1-1: Swinging Strike
1-2: Ball
2-2: Foul Ball, location: 2F
2-2: Ball
3-2: Ground out 4-3 (Groundball, 4)
Bottom of the 6th over - 0 run(s), 1 hit(s), 0 error(s), 0 left on base; Kingston Township 2 - Seattle 5
TOP OF THE 7TH
Kingston Township Legion batting - Pitching for Seattle Aviators : RHP Rex Hood
Batting: RHB Carlos Mercado 0-0: Ball
1-0: Ball
2-0: Fly out, F9 (Line Drive, 9S)
Batting: RHB Vicente Toro 0-0: Ball
1-0: Foul Ball, location: 2F
1-1: Swinging Strike
1-2: Foul Ball, location: 2F
1-2: Foul Ball, location: 2F
1-2: Strikes out looking
Batting: RHB Layton Templeman 0-0: Ball
1-0: Ball
2-0: Ball
3-0: Called Strike
3-1: Swinging Strike
3-2: Base on Balls
Batting: LHB Clay Rush 0-0: Ball
1-0: Ball
2-0: Ball
3-0: Called Strike
3-1: Base on Balls
Layton Templeman to second
Pitching: RHP Esteban García
Batting: RHB Pedro Mendoza 0-0: Called Strike
0-1: Swinging Strike
0-2: Strikes out swinging
Top of the 7th over - 0 run(s), 0 hit(s), 0 error(s), 2 left on base; Kingston Township 2 - Seattle 5
BOTTOM OF THE 7TH
Seattle Aviators batting - Pitching for Kingston Township Legion : RHP Greg White
Batting: RHB Tynan Hawkins 0-0: Ball
1-0: Ball
2-0: Ball
3-0: Called Strike
3-1: Foul Ball, location: 2F
3-2: Foul Ball, location: 2F
3-2: Ground out 6-3 (Groundball, 6)
Batting: RHB Tanyu Kimura 0-0: Ball
1-0: Called Strike
1-1: Ground out 6-3 (Groundball, 6)
Batting: LHB Jorge Mojica 0-0: Ground out U3 (Groundball, 3)
Bottom of the 7th over - 0 run(s), 0 hit(s), 0 error(s), 0 left on base; Kingston Township 2 - Seattle 5
TOP OF THE 8TH
Kingston Township Legion batting - Pitching for Seattle Aviators : RHP Esteban García
Batting: RHB Akihiko Oike 0-0: DOUBLE (Line Drive, 78D)
Pitching: RHP Larry Lee
Batting: RHB António Varela 0-0: Foul Ball, location: 2F
0-1: SINGLE (Line Drive, 56)
Akihiko Oike to third
Batting: RHB Raúl Valadez 0-0: Ball
1-0: Foul Ball, location: 2F
1-1: Foul Ball, location: 2F
1-2: Ball
2-2: Strikes out looking
Batting: LHB Wilfrid Savary 0-0: Ball
1-0: Called Strike
1-1: Fly out, F5 (Popup, 5F)
Batting: RHB Carlos Mercado 0-0: Swinging Strike
0-1: Ball
1-1: Foul Ball, location: 2F
1-2: Foul Ball, location: 2F
1-2: Ball
2-2: DOUBLE (Groundball, 5L)
Akihiko Oike scores
António Varela to third
Runner from 3rd tries for Home, SAFE, no throw or cutoff
Batting: RHB Vicente Toro 0-0: Foul Ball, location: 2F
0-1: Ground out 6-3 (Groundball, 6M)
Top of the 8th over - 2 run(s), 3 hit(s), 0 error(s), 1 left on base; Kingston Township 4 - Seattle 5
BOTTOM OF THE 8TH
Seattle Aviators batting - Pitching for Kingston Township Legion : RHP Greg White
Pitching: RHP Jesús Prieto
Batting: LHB Frank Wentworth 0-0: Ball
1-0: Called Strike
1-1: Ball
2-1: Swinging Strike
2-2: Strikes out swinging
Batting: LHB Steve Grimes 0-0: Called Strike
0-1: Foul Ball, location: 2F
0-2: Ball
1-2: Strikes out looking
Batting: LHB Kenny Webster 0-0: Ball
1-0: Ball
2-0: Called Strike
2-1: Called Strike
2-2: Ball
3-2: Base on Balls
Pinch Runner at 1st Clarence Fox:
Batting: RHB Kenzaburo Hori 0-0: Ball
1-0: Ball
2-0: Called Strike
2-1: DOUBLE (Line Drive, 7M)
Clarence Fox to third
Runner from 3rd tries for Home, throw and OUT!
Bottom of the 8th over - 0 run(s), 1 hit(s), 0 error(s), 1 left on base; Kingston Township 4 - Seattle 5
TOP OF THE 9TH
Kingston Township Legion batting - Pitching for Seattle Aviators : RHP Larry Lee
Pitching: RHP Bill Schneider
Now at 1B: Vernon Caw
Pinch Hitting: LHB Gonzalo López 0-0: Ball
1-0: Ball
2-0: Ball
3-0: Called Strike
3-1: Base on Balls
Batting: LHB Clay Rush 0-0: Ball
1-0: Ball
2-0: SINGLE (Line Drive, 34D)
Gonzalo López to second
Runner from 2nd tries for 3rd, SAFE, throw made to third
Batting: RHB Pedro Mendoza 0-0: Ball
1-0: Called Strike
1-1: Fly out, F8 (Flyball, 78S)
Batting: RHB Akihiko Oike 0-0: Called Strike
0-1: Hit by Pitch
Clay Rush to second
Batting: RHB António Varela 0-0: Called Strike
0-1: Ball
1-1: Ball
2-1: Ball
3-1: Fly out, F8 (Flyball, 78M)
Runner from 3rd tags up, SCORES, no throw
Batting: RHB Raúl Valadez 0-0: Foul Ball, location: 2F
0-1: Ball
1-1: Ball
2-1: Ball
3-1: Foul Ball, location: 2F
3-2: Strikes out swinging
Top of the 9th over - 1 run(s), 1 hit(s), 0 error(s), 2 left on base; Kingston Township 5 - Seattle 5
BOTTOM OF THE 9TH
Seattle Aviators batting - Pitching for Kingston Township Legion : RHP Jesús Prieto
Now at SS: Gonzalo López
Pinch Hitting: LHB Phil Parkinson 0-0: Ball
1-0: Ball
2-0: Called Strike
2-1: Ball
3-1: Ground out U3 (Groundball, 3L)
Batting: SHB Ernest Miller 0-0: Called Strike
0-1: Foul Ball, location: 2F
0-2: Ball
1-2: Ball
2-2: Ball
3-2: Strikes out swinging
Pinch Hitting: RHB Craig Stewart 0-0: Ground out 6-3 (Groundball, 6M)
Bottom of the 9th over - 0 run(s), 0 hit(s), 0 error(s), 0 left on base; Kingston Township 5 - Seattle 5
TOP OF THE 10TH
Kingston Township Legion batting - Pitching for Seattle Aviators : RHP Bill Schneider
Now at C: Brian Williams
Now in RF: Craig Stewart
Batting: LHB Wilfrid Savary 0-0: Called Strike
0-1: Ball
1-1: Swinging Strike
1-2: Fly out, F4 (Popup, 4M)
Batting: RHB Carlos Mercado 0-0: Called Strike
0-1: Ball
1-1: Swinging Strike
1-2: Strikes out swinging
Batting: RHB Vicente Toro 0-0: Ball
1-0: Ball
2-0: Called Strike
2-1: Swinging Strike
2-2: Foul Ball, location: 2F
2-2: Ball
3-2: Strikes out swinging
Top of the 10th over - 0 run(s), 0 hit(s), 0 error(s), 0 left on base; Kingston Township 5 - Seattle 5
BOTTOM OF THE 10TH
Seattle Aviators batting - Pitching for Kingston Township Legion : RHP Jesús Prieto
Batting: RHB Tanyu Kimura 0-0: Called Strike
0-1: Called Strike
0-2: Ball
1-2: Ball
2-2: Ground out 6-3 (Groundball, 6)
Batting: LHB Jorge Mojica 0-0: Ball
1-0: Ground out U3 (Groundball, 3)
Batting: LHB Frank Wentworth 0-0: Swinging Strike
0-1: SINGLE (Groundball, 4MD)
Batting: LHB Steve Grimes 0-0: Called Strike
0-1: Foul Ball, location: 2F
0-2: Ball
1-2: Foul Ball, location: 2F
1-2: Foul Ball, location: 2F
1-2: Ball
2-2: Ball
3-2: Base on Balls
Frank Wentworth to second
Pitching: RHP Ramón Aguilera
Batting: RHB Vernon Caw 0-0: Called Strike
0-1: Ball
1-1: Ground out 5-3 (Groundball, 5S)
Bottom of the 10th over - 0 run(s), 1 hit(s), 0 error(s), 2 left on base; Kingston Township 5 - Seattle 5
TOP OF THE 11TH
Kingston Township Legion batting - Pitching for Seattle Aviators : RHP Bill Schneider
Pitching: RHP Lanny Larson
Batting: LHB Gonzalo López 0-0: Fly out, F8 (Flyball, 8RM)
Batting: LHB Clay Rush 0-0: Ball
1-0: Foul Ball, location: 2F
1-1: Ball
2-1: Called Strike
2-2: Ball
3-2: Base on Balls
Batting: RHB Pedro Mendoza 0-0: Ball
1-0: Fly out, F6 (Popup, 6MD)
Batting: RHB Akihiko Oike 0-0: Ball
1-0: Ball
2-0: Ball
3-0: Called Strike
3-1: Base on Balls
Clay Rush to second
Batting: RHB António Varela 0-0: Fielders Choice at 2nd, 6-4 (Groundball, 6)
Top of the 11th over - 0 run(s), 0 hit(s), 0 error(s), 1 left on base; Kingston Township 5 - Seattle 5
BOTTOM OF THE 11TH
Seattle Aviators batting - Pitching for Kingston Township Legion : RHP Ramón Aguilera
Batting: RHB Kenzaburo Hori 0-0: Ball
1-0: Called Strike
1-1: Foul Ball, location: 2F
1-2: Ground out 4-3 (Groundball, 6M)
Batting: RHB Brian Williams 0-0: Called Strike
0-1: Ball
1-1: Swinging Strike
1-2: Strikes out looking
Batting: SHB Ernest Miller 0-0: Ball
1-0: Swinging Strike
1-1: Swinging Strike
1-2: Strikes out swinging
Bottom of the 11th over - 0 run(s), 0 hit(s), 0 error(s), 0 left on base; Kingston Township 5 - Seattle 5
TOP OF THE 12TH
Kingston Township Legion batting - Pitching for Seattle Aviators : RHP Lanny Larson
Batting: RHB Raúl Valadez 0-0: Ball
1-0: SINGLE (Line Drive, 34D)
Batting: LHB Wilfrid Savary 0-0: Ball
1-0: Called Strike
1-1: Fly out, F7 (Flyball, 78S)
Batting: RHB Carlos Mercado 0-0: Ball
Raúl Valadez is caught stealing 2nd base
1-0: Fly out, F9 (Line Drive, 89M)
Top of the 12th over - 0 run(s), 1 hit(s), 0 error(s), 0 left on base; Kingston Township 5 - Seattle 5
BOTTOM OF THE 12TH
Seattle Aviators batting - Pitching for Kingston Township Legion : RHP Ramón Aguilera
Batting: RHB Craig Stewart 0-0: Fly out, F7 (Flyball, 7M)
Batting: RHB Tanyu Kimura 0-0: Ball
1-0: Called Strike
1-1: Ball
2-1: Foul Ball, location: 2F
2-2: Ball
3-2: DOUBLE (Line Drive, 7LS)
Batting: LHB Jorge Mojica 0-0: Called Strike
Tanyu Kimura steals 3rd base
0-1: Intentional Walk
Batting: LHB Frank Wentworth 0-0: Called Strike
0-1: Fly out, F6 (Line Drive, 6)
Batting: LHB Steve Grimes 0-0: Called Strike
0-1: Ground out 6-3 (Groundball, 6)
Bottom of the 12th over - 0 run(s), 1 hit(s), 0 error(s), 2 left on base; Kingston Township 5 - Seattle 5
TOP OF THE 13TH
Kingston Township Legion batting - Pitching for Seattle Aviators : RHP Lanny Larson
Batting: RHB Vicente Toro 0-0: Ball
1-0: Ball
2-0: Called Strike
2-1: Ball
3-1: Base on Balls
Batting: LHB Gonzalo López 0-0: Fly out, F7 (Line Drive, 78S)
Batting: LHB Clay Rush 0-0: 2-RUN HOME RUN (Flyball, 89XD), Distance : 366 ft
Batting: RHB Pedro Mendoza 0-0: Ball
1-0: Called Strike
1-1: Foul Ball, location: 2F
1-2: Ball
2-2: Foul Ball, location: 2F
2-2: Strikes out swinging
Batting: RHB Akihiko Oike 0-0: Foul Ball, location: 2F
0-1: Foul Ball, location: 2F
0-2: SINGLE (Line Drive, 34D)
Batting: RHB António Varela 0-0: Ball
1-0: Foul Ball, location: 2F
1-1: Called Strike
1-2: Ball
2-2: Strikes out swinging
Top of the 13th over - 2 run(s), 2 hit(s), 0 error(s), 1 left on base; Kingston Township 7 - Seattle 5
BOTTOM OF THE 13TH
Seattle Aviators batting - Pitching for Kingston Township Legion : RHP Ramón Aguilera
Batting: RHB Vernon Caw 0-0: Ball
1-0: Foul Ball, location: 2F
1-1: Swinging Strike
1-2: Ball
2-2: Fly out, F7 (Popup, 7S)
Batting: RHB Kenzaburo Hori 0-0: Ball
1-0: Ball
2-0: Foul Ball, location: 2F
2-1: Foul Ball, location: 2F
2-2: Ball
3-2: Base on Balls
Batting: RHB Brian Williams 0-0: Called Strike
0-1: Ball
1-1: Foul Ball, location: 2F
1-2: Hit by Pitch
Kenzaburo Hori to second
Pitching: RHP Louis McDowell
Batting: SHB Ernest Miller 0-0: Ball
1-0: Fly out, F9 (Flyball, 9D)
Runner from 2nd tags up, SAFE at 3rd, no throw
Batting: RHB Craig Stewart 0-0: Called Strike
0-1: Ball
1-1: Ground out 1-3 (Groundball, 25)
Bottom of the 13th over - 0 run(s), 0 hit(s), 0 error(s), 2 left on base; Kingston Township 7 - Seattle 5
This league is powered by Out of the Park Baseball, the baseball management simulation game for PC, Mac and Linux
Friday, January 22nd, 2016 - OOTP Baseball 16.9 Build 39